 Dungeon Crawl Stone Soup version 0.21-a0-368-g45f8505 (webtiles) character file.

29 Drevant the Vandal (level 3, 0/23 HPs)
             Began as a Halfling Arcane Marksman on Oct 15, 2017.
             Slain by an adder (2 damage)
             ... on level 2 of the Dungeon.
             The game lasted 00:03:56 (1141 turns).

Drevant the Vandal (Halfling Arcane Marksman)       Turns: 1141, Time: 00:03:57

Health: 0/23       AC:  3    Str: 11    XL:     3   Next: 32%
Magic:  4/4        EV: 15    Int: 16    God:
Gold:   41         SH:  0    Dex: 15    Spells: 3/4 levels left

rFire    . . .     SeeInvis .   a - +0 hunting sling
rCold    . . .     Gourm    .   (shield restricted)
rNeg     . . .     Faith    .   e - +0 robe
rPois    .         Spirit   .   (no helmet)
rElec    .         Reflect  .   (no cloak)
rCorr    .         Harm     .   h - +0 pair of gloves
MR       .....                  (no boots)
Stlth    +.........             (no amulet)
HPRegen  0.07/turn              (no ring)
MPRegen  0.09/turn              (no ring)

@: brilliant, lethally poisoned (0 -> -3)
A: mutation resistance 1
a: no special abilities


You were on level 2 of the Dungeon.
You were hungry.

You visited 1 branch of the dungeon, and saw 2 of its levels.

You collected 41 gold pieces.

Inventory:

Hand Weapons
 a - a +0 hunting sling (weapon)
Missiles
 i - 45 stones (quivered)
Armour
 e - a +0 robe (worn)
 h - a +0 pair of gloves (worn)
Potions
 k - a potion of ambrosia {unknown}
Books
 c - a book of Debilitation

   Spells                             Type                      Level
   a - Corona                         Hexes                        1
   b - Slow                           Hexes                        2
   c - Inner Flame                    Hexes/Fire                   3
   d - Portal Projectile              Hexes/Translocation          3
   e - Cause Fear                     Hexes                        4
   f - Leda's Liquefaction            Hexes/Earth                  4
Comestibles
 f - a bread ration
 g - a royal jelly
 l - a chunk of flesh


   Skills:
 + Level 1.4 Fighting
 * Level 3.9 Slings
 + Level 2.6 Dodging
 - Level 1.0 Spellcasting
 + Level 2.6 Hexes


You had 3 spell levels left.
You knew the following spells:

 Your Spells              Type           Power        Failure   Level  Hunger
a - Corona                Hex            ###....      1%          1    ##.....


Dungeon Overview and Level Annotations

Branches:
Dungeon (2/15)

Altars:


Innate Abilities, Weirdness & Mutations

You are small and have problems with some larger weapons.
You are somewhat resistant to further mutation.


Message History

You closely miss the adder.
The adder is severely wounded.
You feel sick. The adder bites you.
You are lethally poisoned!
The adder poisons you! The adder closely misses you.
* * * LOW HITPOINT WARNING * * *
You feel sick. The adder bites you but does no damage.
* * * LOW HITPOINT WARNING * * *
You feel sick.
* * * LOW HITPOINT WARNING * * *
You feel sick. The adder barely misses you.
* * * LOW HITPOINT WARNING * * *
You feel sick. The adder closely misses you.
* * * LOW HITPOINT WARNING * * *
You feel sick.
* * * LOW HITPOINT WARNING * * *
You feel sick. The adder bites you.
You die...

##.##......##[###
#.##.###..##.#
#.........##.########
####......##.........
###.###..##..####...
#....##..##..# ##
#....##..##..# ###
#....##..##..#♣#♣♣P♣
#..@....<##..#♣P#...
#.S......##..#PP....
####..###...###.#P.÷...
#.....# ###.#.....).)§.
#.##..# #.#.###P÷....
#.....# #.....#PP.÷..
####..# #.#.####PP.≈.
#..#####.#.###♣P♣♣♣♣
#........#...####


You could see an adder.

Vanquished Creatures
  A leopard gecko (D:2)
  4 bats
  2 giant cockroaches (D:1)
  4 goblins (D:1)
  A hobgoblin (D:1)
  3 jackals (D:1)
  A frilled lizard (D:1)
  7 kobolds
  3 rats (D:1)
26 creatures vanquished.

Notes
Turn   | Place    | Note
-------+----------+-------------------------------------------
     0 | D:1      | Drevant the Halfling Arcane Marksman began the quest for the Orb.
     0 | D:1      | Reached XP level 1. HP: 12/12 MP: 2/2
    53 | D:1      | Reached skill level 1 in Fighting
   315 | D:1      | Reached XP level 2. HP: 18/18 MP: 3/3
   773 | D:1      | Reached XP level 3. HP: 23/23 MP: 4/4
  1141 | D:2      | Slain by an adder

Vault maps used:
D:1:      kennysheep_arrival_seaside, corexii_leaking_fountain,
          roderic_lattice_a, hex_tiny
D:2:      chequers_ecumenical_altar_simple_redux, lexackson_kobold_supper,
          uniq_natasha, uniq_jessica

Skill      XL: |  1 |
---------------+----+-----
Fighting       | 1 |  1.4
Slings         | |  3.9
Dodging        | |  2.6
Spellcasting   | |  1.0
Hexes          | |  2.6

Action                   || total
-------------------------++-------
Melee: Hunting sling     ||     7
 Fire: Hunting sling     ||    91
  Use: Potion            ||     2
Armor: Robe              ||     5
Dodge: Dodged            ||    48

Table legend:
 A = Spawn XP
 B = Non-spawn XP
 C = Spawn XP percentage of total XP
 D = Spawn monster count
 E = Non-spawn monster count
 F = Spawn count percentage of total count
 G = Total turns spent on level
                    A         B        C        D         E        F      G
               +---------+---------+-------+---------+---------+-------+---------
         Total |       0 |      42 |   0.0 |       0 |      26 |   0.0 |  1141
               +---------+---------+-------+---------+---------+-------+---------
           D:1 |       0 |      30 |   0.0 |       0 |      18 |   0.0 |   948
           D:2 |       0 |      12 |   0.0 |       0 |       8 |   0.0 |   193
               +---------+---------+-------+---------+---------+-------+---------
